Map: Bridgehead LE (Void)

Players

IIIKAIYUEIII - Winner!

  • Race: Protoss Protoss
  • League: Gold

Javert

  • Race: Zerg Zerg
  • League: Gold

VOD

Have the link to the VOD?

Description

Time

  • Played on: Sept. 15, 2015, 1:02 a.m.
  • Length: 12:22
Show
View Real Time Build Order
Export as new Build Order

IIIKAIYUEIII Protoss - Winner!

Build Orders: Nexus First 

Get SALT Encoding   

  12  0:01  Probe (Chrono Boost)  
  13  0:12  Probe (Chrono Boost)  
  14  0:18  Pylon  
  14  0:22  Probe (Chrono Boost)  
  15  0:36  Probe (Chrono Boost)  
  16  0:46  Probe (Chrono Boost)  
  17  0:56  Probe (Chrono Boost)  
  18  1:05  Nexus  
  18  1:13  Gateway  
  18  1:19  Probe (Chrono Boost)  
  18  1:23  Assimilator  
  19  1:29  Probe (Chrono Boost)  
  20  1:35  Assimilator  
  20  1:38  Pylon  
  20  1:40  Probe (Chrono Boost)  
  21  1:51  Probe (Chrono Boost)  
  22  2:01  Probe (Chrono Boost)  
  23  2:02  Cybernetics Core  
  23  2:03  Zealot  
  25  2:11  Probe (Chrono Boost)  
  26  2:17  Probe (Chrono Boost)  
  26  2:21  Probe (Chrono Boost)  
  28  2:30  Probe (Chrono Boost)  
  28  2:33  Probe (Chrono Boost)  
  30  2:40  Robotics Facility  
  30  2:41  Mothership Core (Chrono Boost)  
  32  2:48  Probe (Chrono Boost)  
  33  2:55  Assimilator  
  33  2:58  Probe x2 (Chrono Boost)  
  33  2:59  Warp Gate, Assimilator  
  35  3:05  Adept (Chrono Boost)  
  35  3:08  Probe (Chrono Boost)  
  35  3:09  Probe (Chrono Boost)  
  39  3:20  Probe x2  
  39  3:25  Pylon  
  39  3:27  Pylon  
  41  3:30  Probe  
  41  3:32  Probe  
  42  3:41  Probe (Chrono Boost)  
  42  3:42  Robotics Bay  
  42  3:46  Probe (Chrono Boost)  
  44  3:51  Adept  
  46  4:05  Probe x2 (Chrono Boost), Pylon  
  46  4:14  Pylon  
  46  4:22  Warp Prism (Chrono Boost)  
  46  4:23  Mothership Core (Chrono Boost), Probe (Chrono Boost)  
  51  4:32  Probe (Chrono Boost)  
  52  4:41  Probe  
  52  4:42  Probe  
  52  4:47  Pylon  
  52  4:51  Probe  
  50  4:54  Probe  
  50  4:59  Gateway  
  52  5:00  Gateway  
  52  5:01  Probe  
  52  5:02  Gateway  
  52  5:03  Disruptor (Chrono Boost)  
  52  5:05  Pylon  
  52  5:06  Probe  
  57  5:07  Sentry  
  57  5:11  Probe  
  60  5:18  Probe  
  60  5:21  Probe, Forge  
  62  5:30  Probe  
  62  5:32  Probe  
  62  5:33  Disruptor (Chrono Boost)  
  67  5:42  Probe x2  
  68  5:48  Nexus  
  69  5:50  Pylon  
  69  5:54  Pylon  
  68  6:03  Probe, Disruptor (Chrono Boost)  
  70  6:10  Zealot  
  72  6:12  Sentry, Pylon  
  72  6:13  Pylon  
  72  6:14  Gravitic Drive (Chrono Boost)  
  72  6:15  Probe, Adept x2  
  72  6:16  Probe  
  78  6:20  Twilight Council  
  78  6:28  Probe  
  78  6:31  Probe  
  80  6:34  Protoss Ground Weapons Level 1 (Chrono Boost)  
  80  6:35  Disruptor  
  80  6:37  Photon Cannon  
  83  6:40  Forge  
  83  6:45  Photon Cannon  
  83  6:46  Blink (Chrono Boost)  
  83  6:48  Adept x4  
  83  6:50  Probe  
  83  6:53  Probe  
  93  7:00  Probe  
  93  7:02  Probe  
  93  7:05  Probe  
  96  7:11  Disruptor  
  96  7:13  Probe  
  96  7:14  Probe  
  96  7:19  Protoss Ground Armor Level 1 (Chrono Boost)  
  96  7:20  Probe  
  96  7:22  Assimilator  
  98  7:26  Probe  
  98  7:27  Probe, Assimilator  
  100  7:34  Gateway  
  100  7:36  Gateway, Probe  
  101  7:38  Probe  
  101  7:39  Gateway  
  101  7:41  Stalker x2, Gateway  
  101  7:42  Sentry, Probe  
  101  7:43  Sentry  
  110  7:45  Pylon  
  110  7:50  Pylon  
  111  8:08  Stalker x4  
  119  8:13  Stargate  
  119  8:14  Stargate  
  119  8:15  Pylon  
  119  8:17  Pylon  
  119  8:31  Stalker x4  
  123  8:35  Nexus  
  123  8:37  Pylon  
  102  8:58  Stargate  
  102  9:00  Phoenix  
  102  9:02  Stalker x6  
  104  9:03  Stalker x2  
  104  9:06  Phoenix  
  104  9:07  Probe  
  111  9:13  Photon Cannon  
  111  9:14  Mothership Core, Photon Cannon  
  111  9:25  Phoenix (Chrono Boost)  
  111  9:27  Stalker x7  
  111  9:28  Zealot  
  117  9:32  Phoenix (Chrono Boost)  
  117  9:46  Phoenix (Chrono Boost)  
  117  9:50  Adept  
  119  10:01  Phoenix x2 (Chrono Boost)  
  113  10:09  Nexus  
  113  10:10  Disruptor, Pylon  
  113  10:12  Pylon  
  116  10:17  Nexus  
  116  10:20  Photon Cannon  
  116  10:22  Pylon  
  116  10:27  Phoenix (Chrono Boost)  
  118  10:29  Phoenix (Chrono Boost)  
  117  10:42  Fleet Beacon  
  115  11:05  Templar Archives  
  115  11:11  Disruptor  
  115  11:18  Zealot x8  
  134  11:23  Photon Cannon  
  134  11:25  Photon Cannon x2  
  134  11:31  Assimilator  
  134  11:32  Assimilator  
  134  11:34  Photon Cannon  
  134  11:37  Photon Cannon  
  134  11:52  Photon Cannon  
  137  12:00  Pylon  
  137  12:01  Pylon  
  137  12:16  Zealot x8  
Show
View Real Time Build Order
Export as new Build Order

Javert Zerg 

Build Orders: Hatch First 

Get SALT Encoding   

  12  0:01  Drone  
  13  0:16  Overlord  
  14  0:21  Drone  
  14  0:35  Drone x2  
  16  0:39  Drone  
  17  1:04  Hatchery  
  16  1:09  Drone x2  
  18  1:13  Extractor  
  18  1:15  Drone  
  18  1:18  Extractor  
  18  1:23  Drone  
  18  1:29  Spawning Pool  
  18  1:32  Drone  
  19  1:58  Hatchery  
  18  2:02  Overlord  
  18  2:05  Drone x2  
  20  2:16  Queen  
  22  2:23  Metabolic Boost  
  22  2:33  Queen  
  24  2:45  Zergling x6  
  24  2:50  Drone x2  
  29  2:53  Drone  
  30  3:02  Queen  
  32  3:14  Drone x4  
  36  3:35  Drone x6  
  42  3:51  Overlord x3  
  41  4:01  Zergling x2  
  41  4:10  Spine Crawler  
  41  4:11  Spine Crawler, Zergling x18  
  48  4:29  Drone x6  
  54  4:38  Drone  
  55  4:39  Drone x5  
  55  4:41  Overlord  
  55  4:44  Extractor  
  58  4:46  Extractor  
  57  4:53  Drone x6  
  57  4:54  Drone  
  64  5:01  Overlord  
  64  5:03  Overlord  
  64  5:09  Drone x2  
  63  5:24  Drone x4  
  63  5:28  Drone  
  67  5:29  Drone x4  
  67  5:33  Lair  
  67  5:34  Extractor  
  70  5:39  Extractor  
  70  5:40  Extractor  
  68  5:46  Drone  
  68  5:47  Drone x9  
  78  5:52  Evolution Chamber x2  
  71  6:24  Zerg Missile Weapons Level 1, Overlord x2, Zerg Ground Armor Level 1  
  71  6:25  Roach Warren  
  70  6:26  Overlord x2  
  70  6:27  Overlord x4  
  70  6:37  Overlord  
  70  6:38  Spire  
  69  6:44  Spine Crawler  
  69  6:45  Spore Crawler  
  69  6:46  Zergling x18  
  69  6:47  Zergling x2  
  77  6:52  Spine Crawler  
  76  6:54  Spine Crawler  
  76  6:56  Queen  
  68  7:35  Overseer  
  68  7:40  Spine Crawler  
  67  7:51  Mutalisk x12  
  65  7:52  Mutalisk x6  
  98  8:17  Mutalisk x3  
  96  8:38  Mutalisk  
  96  8:39  Mutalisk x2  
  102  8:46  Zergling x14  
  102  8:47  Zergling x10  
  100  9:29  Roach x9  
  88  9:41  Burrow, Drone x3  
  83  9:55  Drone  
  83  9:56  Drone x2  
  86  10:06  Drone x3, Glial Reconstitution  
  89  10:18  Hydralisk Den, Roach x3  
  91  10:34  Zergling x2  
  91  10:35  Zergling x14  
  95  11:00  Hydralisk x6  
  103  11:08  Hydralisk x3  
  107  11:20  Overlord  
  107  11:40  Hatchery  
  106  11:49  Hydralisk x5  
  106  11:50  Hydralisk x3  
Tags
 
Add a new tag
Caveats
  • Supply blocks, unpowered buildings, or Contaminate may cause inaccurate times.
  • Supply counts are checked every 10 seconds.